 Dungeon Crawl Stone Soup version 0.29.0-13-gc9e81de378 (webtiles) character file.

Game seed: 11503718032361058639

42 H0rd4k the Charlatan (level 3, 0/27 HPs)
             Began as a Human Artificer on Sept 8, 2022.
             Succumbed to an adder's poison
             ... on level 2 of the Dungeon.
             The game lasted 00:01:13 (1663 turns).

H0rd4k the Charlatan (Human Artificer)              Turns: 1663, Time: 00:01:13

Health: 0/27       AC: 10    Str: 12    XL:     3   Next: 77%
Magic:  3/3        EV: 11    Int: 13    God:
Gold:   94         SH:  0    Dex: 13    Spells: 2/2 levels left

rFire   . . .      SeeInvis .   l - +1 dagger (protect)
rCold   . . .      Faith    .   (no shield)
rNeg    . . .      Spirit   .   b - +0 leather armour
rPois   .          Reflect  .   (no helmet)
rElec   .          Harm     .   (no cloak)
rCorr   .          Rampage  .   (no gloves)
Will    .....                   (no boots)
Stlth   +.........              (no amulet)
HPRegen 0.09/turn               (no ring)
MPRegen 0.08/turn               (no ring)

@: lethally poisoned (0 -> -5), under a protective aura
A: no striking features
a: no special abilities


You were on level 2 of the Dungeon.
You visited 1 branch of the dungeon, and saw 2 of its levels.

You collected 94 gold pieces.

Inventory:

Hand Weapons
 a - a +0 club
 l - a +1 dagger of protection (weapon)
Armour
 b - a +0 leather armour (worn)
Wands
 c - a wand of flame (11) (quivered)
 d - a wand of charming (14)
 e - a wand of iceblast (5)
Scrolls
 f - a scroll of poison {unknown}
 g - 2 scrolls of vulnerability {unknown}
 i - 3 scrolls of teleportation {unknown}
 k - a scroll of silence {unknown}
 m - a scroll of immolation {unknown}
 o - a scroll of fear {unknown}
Potions
 h - a potion of curing {unknown}
 j - a potion of heal wounds {unknown}
 n - a potion of berserk rage {unknown}


   Skills:
 + Level 1.7 Fighting
 * Level 1.1 Short Blades
 + Level 1.5 Maces & Flails
 - Level 2.0 Armour
 + Level 1.8 Dodging
 - Level 1.0 Stealth
 - Level 3.0 Evocations


You had 2 spell levels left.
You didn't know any spells.
Your spell library contained the following spells:

 Spells                   Type           Power      Damage    Failure   Level
 Ignite Poison            Fire/Tmut/Pois 0%         N/A       75%         3
 Mephitic Cloud           Conj/Pois/Air  0%         N/A       75%         3
 Freezing Cloud           Conj/Ice/Air   0%         6-21      100%        5


Dungeon Overview and Level Annotations

Branches:
Dungeon (2/15)

Altars:


Message History

The adder misses you. The adder closely misses you.
There are monsters nearby!
The adder attacks as you move away! The adder barely misses you.
The adder closely misses you.
You barely miss the adder. The adder barely misses you.
You completely miss the adder. The adder bites you.
You are poisoned.
The adder poisons you! The adder barely misses you.
You barely miss the adder.
You feel sick. The adder bites you.
You barely miss the adder.
You feel sick. The adder bites you.
You barely miss the adder.
You feel sick. The adder bites you.
You are more poisoned.
The adder poisons you!
You hit the adder.
Your weapon exudes an aura of protection.
The adder is moderately wounded.
You feel sick. The adder completely misses you. The adder closely misses you.
You miss the adder.
The adder is moderately wounded.
You feel sick. The adder closely misses you.
You closely miss the adder.
The adder is moderately wounded.
You feel sick. The adder bites you but does no damage.
You hit the adder.
The adder is heavily wounded.
You feel sick. The adder bites you but does no damage.
You miss the adder.
The adder is heavily wounded.
You feel sick. The adder bites you.
* * * LOW HITPOINT WARNING * * *
You are lethally poisoned!
The adder poisons you!
You miss the adder.
The adder is heavily wounded.
* * * LOW HITPOINT WARNING * * *
You feel sick. The adder bites you.
* * * LOW HITPOINT WARNING * * *
You closely miss the adder.
The adder is heavily wounded.
You die...

#.......##.# #...###
##.......##.# #...###
.........##.# #......
)........##.#######......
...r........##...........
....#.##.................
. # #r##.##...........
#S##.#####..†...<. #@##.#
#.#...... #.##.#
#.#...#.# .....#
#.#...#.# .#.####
#.#...#.# ..#.# #.......#
.. ..# ####.### #.# ###
#.# #.


You could see an adder and a rat.

Vanquished Creatures
  An adder (D:2)
  2 dart slugs (D:1)
  A bat (D:2)
  An endoplasm (D:1)
  A giant cockroach (D:1)
  4 goblins (D:1)
  3 hobgoblins (D:1)
  4 jackals (D:2)
  A quokka (D:2)
  3 ball pythons (D:1)
  2 kobolds
  3 rats (D:1)
26 creatures vanquished.

Vanquished Creatures (others)
  A goblin (D:1)
1 creature vanquished.

Grand Total: 27 creatures vanquished

Notes
Turn   | Place    | Note
-------+----------+-------------------------------------------
     0 | D:1      | H0rd4k the Human Artificer began the quest for the Orb.
     0 | D:1      | Reached XP level 1. HP: 15/15 MP: 1/1
   314 | D:1      | Reached XP level 2. HP: 21/21 MP: 2/2
   652 | D:1      | Reached skill level 1 in Maces & Flails
  1005 | D:1      | Reached XP level 3. HP: 24/26 MP: 3/3
  1225 | D:1      | Found a faded altar of an unknown god.
  1470 | D:2      | Reached skill level 1 in Short Blades
  1662 | D:2      | HP: 1/27 [adder (3)]
  1663 | D:2      | Succumbed to an adder's poison

Illustrated notes

Levels and vault maps discovered:
D:1:      dpeg_arrival_pits, layout_basic, shapermc_ecumenical_altar_notcrosses
D:2:      layout_loops_cross, serial_shops, nicolae_shop_crystal

Skill      XL: |  1  2  3 |
---------------+----------+-----
Maces & Flails | 1 |  1.5
Short Blades   | 1 |  1.1
Fighting       | |  1.7
Armour         | |  2.0
Dodging        | |  1.8
Stealth        | |  1.0
Evocations     | |  3.0

Action                   || total
-------------------------++-------
Melee: Club              ||    55
       Dagger            ||    87
Evoke: Wand              ||     5
 Stab: Sleeping          ||     2
Armor: Leather armour    ||    72
Dodge: Dodged            ||    95
